 Dungeon Crawl Stone Soup version 0.19.5 (webtiles) character file.

231 SerythNizel the Skirmisher (level 5, -4/49 HPs)
             Began as a Minotaur Berserker on Mar 18, 2017.
             Was a Believer of Trog.
             Slain by Natasha (9 damage)
             ... on level 3 of the Dungeon.
             The game lasted 00:09:07 (2172 turns).

SerythNizel the Skirmisher (Minotaur Berserker)     Turns: 2172, Time: 00:09:08

Health: -4/49      AC:  2    Str: 22    XL:     5   Next: 72%
Magic:  4/4        EV: 13    Int:  4    God:    Trog [**....]
Gold:   90         SH:  0    Dex: 10    Spells: 0 memorised, 4 levels left

rFire  . . .     SeeInvis .     f - +0 flail
rCold  . . .     Gourm    .     b - +0 animal skin
rNeg   . . .     Faith    .     (no shield)
rPois  .         Spirit   .     (helmet restricted)
rElec  .         Reflect  .     (no cloak)
rCorr  .         Harm     .     (no gloves)
MR     .....                    (no boots)
Stlth  +.........               (no amulet)
                                (no ring)
                                (no ring)

@: slowed, very slow
A: retaliatory headbutt, horns 2
a: Berserk, Trog's Hand, Burn Spellbooks, Renounce Religion


You were on level 3 of the Dungeon.
You worshipped Trog.
Trog was pleased with you.
You were very hungry.

You visited 1 branch of the dungeon, and saw 3 of its levels.

You collected 90 gold pieces.

Inventory:

Hand Weapons
 a - a +0 mace
 f - a +0 flail (weapon)
Armour
 b - a +0 animal skin (worn)
Scrolls
 d - a scroll of magic mapping {unknown}
 e - 2 scrolls of fear {unknown}
 g - 4 scrolls of identify {unknown}
Potions
 h - a potion of heal wounds {unknown}
 i - a potion of brilliance {unknown}
 j - a potion of mutation {unknown}
Comestibles
 c - a bread ration


   Skills:
 + Level 5.6 Fighting
 + Level 5.1 Maces & Flails
 + Level 3.3 Armour
 + Level 3.1 Dodging
 + Level 1.0 Stealth


You had 4 spell levels left.
You didn't know any spells.

Dungeon Overview and Level Annotations

Branches:
Dungeon (3/15)

Altars:
Elyvilon

Annotations:
D:3 Natasha


Innate Abilities, Weirdness & Mutations

You reflexively headbutt those who attack you in melee.
You have a pair of horns on your head.


Message History

You headbutt the gnoll!
You kill the gnoll!
Trog accepts your kill.
You feel less exhausted. Natasha barely misses you. Natasha misses you.
Natasha howls an incantation.
Natasha shimmers violently.
Natasha claws you!
* * * LOW HITPOINT WARNING * * *
Natasha misses you. Natasha casts a spell at you. You resist with some effort.
Natasha claws you.
* * * LOW HITPOINT WARNING * * *
You sock Natasha! You headbutt Natasha.
Natasha is severely wounded.
The shadow imp disappears in a puff of smoke!
Natasha claws you!
You die...

.......#
#.####.##########
#.# #.##........
#.# #.##.#######
#.####.##.#########
..##..............
..........######.#
####.#)#########.#
#.#.......ยง5h@#
..#############
####


You could see Natasha and a shadow imp.

Vanquished Creatures
  A centaur (D:2)
  Natasha (D:3)
  7 gnolls
  2 adders
  2 worms (D:2)
  A leopard gecko (D:2)
  7 bats
  3 goblins
  7 hobgoblins
  5 jackals
  A quokka (D:2)
  2 frilled lizards (D:1)
  3 kobolds (D:2)
  3 rats
45 creatures vanquished.

Notes
Turn   | Place    | Note
-------+----------+-------------------------------------------
     0 | D:1      | SerythNizel the Minotaur Berserker began the quest for the Orb.
     0 | D:1      | Reached XP level 1. HP: 19/19 MP: 0/0
   365 | D:1      | Reached XP level 2. HP: 16/27 MP: 1/1
   847 | D:2      | Reached XP level 3. HP: 22/34 MP: 2/2
  1093 | D:2      | Reached ** piety under Trog
  1606 | D:2      | Reached XP level 4. HP: 27/41 MP: 3/3
  1808 | D:2      | Noticed a centaur
  1812 | D:2      | Killed a centaur
  1812 | D:2      | Reached skill level 5 in Fighting
  1812 | D:2      | Reached XP level 5. HP: 43/48 MP: 4/4
  2106 | D:3      | Noticed Natasha
  2109 | D:3      | Killed Natasha
  2109 | D:3      | Reached skill level 5 in Maces & Flails
  2109 | D:3      | Reached skill level 1 in Stealth
  2127 | D:3      | Found a white marble altar of Elyvilon.
  2133 | D:3      | Noticed Natasha
  2172 | D:3      | Slain by Natasha

Skill      XL: |  1  2  3  4  5 |
---------------+----------------+-----
Fighting       | 4 5 |  5.6
Maces & Flails | 4 5 |  5.1
Armour         | 3 |  3.3
Dodging        | 3 |  3.1
Stealth        | 1 |  1.0

Action                   |  1- 3 |  4- 6 || total
-------------------------+-------+-------++-------
Melee: Mace              |    30 |       ||    30
       Headbutt          |     8 |     5 ||    13
       Flail             |    27 |    21 ||    48
Invok: Berserk           |     2 |     1 ||     3
  Eat: Bread ration      |     1 |       ||     1
       Chunk             |     1 |       ||     1
Armor: Animal skin       |     9 |     7 ||    16
Dodge: Dodged            |    35 |    33 ||    68
